 Dungeon Crawl Stone Soup version 0.30.1-11-g7821555f0a (webtiles) character file.

Game seed: 17284164937821478922

14837 Unglued128 the Thaumaturge (level 11, 0/91 HPs)
             Began as a Purple Draconian Conjurer on Nov 21, 2023.
             Was a Priest of Ashenzari.
             Succumbed to a sea snake's poison
             ... on level 2 of the Shoals.
             The game lasted 02:12:32 (18057 turns).

Unglued128 the Thaumaturge (DrCj)                  Turns: 18057, Time: 02:12:32

Health: 0/91       AC: 12    Str: 10    XL:     11   Next: 94%
Magic:  28/28      EV: 15    Int: 22    God:    Ashenzari [***...]
Gold:   1159       SH:  0    Dex: 10    Spells: 26/37 levels left

rFire   + . .        i - staff of conjuration of the Prophetic Morality (curse) {Elem, Comp} (curse)
rCold   . . .        (no shield)
rNeg    + + .        (body armour unavailable)
rPois   .            r - +2 hat "Prophetic Boredom" {Cun, Alch} (curse)
rElec   .            (no cloak)
rCorr   .            w - +2 pair of gloves of Ashenzari's Seeker {Self, Elem} (curse)
SInv    +            (no boots)
Will    +....        (no amulet)
Stlth   +++          h - ring of Star-Bound Wisdom {Fly, Evo, Cun} (curse)
HPRegen 0.35/turn    b - ring of Birdsong {rF+ rN++}
MPRegen 0.21/turn

%: clarity
@: lethally poisoned (0 -> -60), flying
A: breathe power, AC +7, unfitting armour, cold-blooded
a: Breathe Dispelling Energy, Renounce Religion, Curse Item, Shatter the Chains


You were on level 2 of the Shoals.
You worshipped Ashenzari.
Ashenzari was most pleased with you.
You visited 4 branches of the dungeon, and saw 17 of its levels.
You also visited: Sewer.

You collected 1390 gold pieces.
You spent 231 gold pieces at shops.

Inventory:

Missiles
 j - 30 poisoned darts (quivered)
 B - a curare-tipped dart
 E - 2 throwing nets
 F - 3 atropa-tipped darts
Armour
 r - the cursed +2 hat "Prophetic Boredom" (worn) {Cun, Alch}
   (You found it on level 5 of the Dungeon)

   It has a curse which improves the following skills: Cunning: Dodging and
   Stealth.
   Alchemy:   Poison Magic and Transmutations.
 w - the cursed +2 pair of gloves of Ashenzari's Seeker (worn) {Self, Elem}
   (You found it on level 5 of the Dungeon)

   It has a curse which improves the following skills: Introspection: Fighting
   and Spellcasting.
   Elements:  Fire Magic, Ice Magic, Air Magic and Earth Magic.
Magical Staves
 i - the cursed staff of conjuration of the Prophetic Morality (weapon) {Elem, Comp}
   (You found it on level 4 of the Dungeon)

   [staff of conjuration]

   Base accuracy: +5 Base damage: 5 Base attack delay: 1.2 This weapon's minimum
   attack delay (0.6) is reached at skill level 12.
   It falls into the 'Staves' category.
   It is a one-handed weapon.
   It has a curse which improves the following skills: Elements: Fire Magic, Ice
   Magic, Air Magic and Earth Magic.
   Companions: Summonings and Necromancy.
 k - the staff of earth "Obraite" {rElec rN+++ rCorr Str-4}
   (You found it on level 3 of the Dungeon)

   [staff of earth]

   Base accuracy: +5 Base damage: 5 Base attack delay: 1.2 This weapon's minimum
   attack delay (0.6) is reached at skill level 12.
   Str:       It affects your strength (-4).
   rElec:     It insulates you from electricity.
   rN:        It renders you almost immune to negative energy.
   rCorr:     It protects you from acid and corrosion.
   It falls into the 'Staves' category.
   It is a one-handed weapon.
Jewellery
 b - the ring of Birdsong (right hand) {rF+ rN++}
   (You acquired it on level 2 of the Lair of Beasts)

   [ring of protection from fire]

   rF:        It protects you from fire.
   rN:        It greatly protects you from negative energy.
 h - the cursed ring of Star-Bound Wisdom (left hand) {Fly, Evo, Cun}
   (You found it on level 2 of the Dungeon)

   [ring of flight]

   Fly:       It grants you flight.
   It has a curse which improves the following skills: Evocations: Evocations.
   Cunning:   Dodging and Stealth.
 o - a ring of ice
 s - an amulet of the acrobat
 v - the amulet of Camol {Faith rElec Str-5 Slay+2}
   (You found it on level 6 of the Dungeon)

   [amulet of faith]

   It allows you to gain divine favour quickly.
   Str:       It affects your strength (-5).
   Slay:      It affects your accuracy & damage with ranged weapons and melee
   (+2).
   rElec:     It insulates you from electricity.
 y - a ring of wizardry
Wands
 t - a wand of digging (9)
 I - a wand of iceblast (12)
Scrolls
 e - 2 scrolls of teleportation
 A - 14 scrolls of identify
 C - 2 scrolls of magic mapping
 G - 2 scrolls of fear
 J - a scroll of brand weapon
 K - a scroll of enchant weapon
Potions
 a - 4 potions of magic
 c - a potion of curing
 d - a potion of berserk rage
 g - 3 potions of lignification
 m - 2 potions of mutation
 n - 2 potions of brilliance
 p - a potion of ambrosia
 q - a potion of might
 z - a potion of cancellation
 D - 2 potions of resistance
 H - a potion of haste
 L - a potion of flight


   Skills:
 + Level 5.2(6.7) Fighting
 - Level 1.7 Short Blades
 + Level 2.4 Staves
 + Level 5.7 Throwing
 + Level 6.9(9.2) Dodging
 + Level 4.3(6.4) Stealth
 + Level 0.2 Unarmed Combat
 + Level 12.2(13.6) Spellcasting
 + Level 11.1 Conjurations
 + Level 2.4 Hexes
 + Level 1.4(2.9) Fire Magic
 + Level 0.4(1.0) Evocations


You had 26 spell levels left.
You knew the following spells:

 Your Spells              Type           Power      Damage    Failure   Level
a - Magic Dart            Conj           100%       1d8       1%          1
b - Searing Ray           Conj           100%       2d8       1%          2
c - Dazzling Flash        Conj/Hex       100%       N/A       1%          3
d - Foxfire               Conj/Fire      100%       2x1d9     1%          1
e - Flame Wave            Conj/Fire      62%        2d14      2%          4

Your spell library contained the following spells:

 Spells                   Type           Power      Damage    Failure   Level
 Static Discharge         Conj/Air       100%       2-7/arc   1%          2
 Mephitic Cloud           Conj/Pois/Air  48%        N/A       2%          3
 Fulminant Prism          Conj/Hex       30%        3d15      2%          4
 Sticky Flame             Conj/Fire      62%        2d8       2%          4
 Sting                    Tmut/Pois      60%        1d6       3%          1
 Ensorcelled Hibernation  Hex/Ice        42%        N/A       3%          2
 Inner Flame              Hex/Fire       26%        N/A       4%          3
 Tukima's Dance           Hex            25%        N/A       4%          3
 Iskenderun's Mystic Bla  Conj/Tloc      56%        2d12      4%          4
 Call Imp                 Summ           30%        N/A       6%          2
 Lesser Beckoning         Tloc           30%        N/A       6%          2
 Portal Projectile        Hex/Tloc       40%        N/A       8%          3
 Spider Form              Tmut/Pois      15%        N/A       12%         3
 Gell's Gravitas          Tloc           15%        N/A       13%         3
 Teleport Other           Tloc           15%        N/A       13%         3
 Anguish                  Hex/Necr       10%        N/A       24%         4
 Airstrike                Air            8%         2d(2-18)  36%         4
 Summon Lightning Spire   Summ/Air       16%        N/A       36%         4
 Blade Hands              Tmut           7%         N/A       71%         5


Dungeon Overview and Level Annotations

Branches:
Dungeon (11/15)            Temple (1/1) D:4            Lair (3/5) D:8
 Shoals (1/4) Lair:2          Orc (0/2) D:11          Sewer (visited)
  Snake: Lair:2-3    Spider: Lair:2-3

Altars:
Ashenzari
Cheibriados
Dithmenos
Elyvilon
Fedhas
Gozag
Hepliaklqana
Kikubaaqudgha
Makhleb
Nemelex Xobeh
Okawaru
Qazlal
Ru
Sif Muna
Trog
Uskayaw
Vehumet
Wu Jian
Xom
Yredelemnul
Zin
The Shining One

Shops:
D:5 *

Annotations:
D:5 Prince Ribbit
D:10 exclusion: statue


Innate Abilities, Weirdness & Mutations

You can breathe bolts of dispelling energy.
Your rich purple scales are hard. (AC +7)
You cannot fit into any form of body armour.
You are cold-blooded and may be slowed by cold attacks.


Message History

* * * LOW HITPOINT WARNING * * *
You fade into invisibility!
The harpy completely misses you. The harpy claws you but does no damage.
Your surroundings suddenly seem different.
A sea snake comes into view.
A faun comes into view.
It is wielding a +0 club. 2 fauns come into view.
A faun is wielding a +1 quarterstaff of pain.
The faun shouts!
Found 7 gold pieces.
Found 40 gold pieces.
You start resting.
You flicker for a moment.
You start resting.
You flicker back into view.
You start resting.
A sea snake is nearby!
You start resting.
A sea snake is nearby!
The sea snake hisses angrily.
The sea snake closely misses you.
You hit the plant.
The plant begins to die.
You blast the plant!
The plant is lightly damaged.
The sea snake barely misses you. x2
The sea snake bites you but does no damage.
You hit the plant.
The plant is lightly damaged.
The sea snake completely misses you.
The sea snake bites you but does no damage.
The sea snake barely misses you.
You hit the plant but do no damage. You tail-slap the plant.
The plant is lightly damaged.
A nearby plant withers and dies.
The sea snake closely misses you. The sea snake misses you.
The sea snake bites you.
* * * LOW HITPOINT WARNING * * *
You are lethally poisoned!
The sea snake poisons you! The sea snake bites you!
* * * LOW HITPOINT WARNING * * *
You die...

≈≈PP~~~≈≈≈≈≈≈≈≈≈≈≈# ~≈≈
≈~~~~PP~≈≈≈≈≈≈≈≈≈≈# .~~
~~~~~~~≈≈≈≈≈≈≈≈≈≈# ..
~≈.P..~P~≈≈≈≈≈≈≈≈≈≈# ## ,~
~~##.~PP≈≈≈≈≈≈≈≈≈≈# .#***
≈≈~~.##.~P≈≈≈≈≈≈≈≈≈≈# .#
##~≈~~~~~~~~PS≈≈≈≈≈≈≈≈≈#
.###.~~~$.~.PP~P~S≈≈≈≈≈≈≈≈≈#
..)..~≈~P~~PP~~P@~≈≈≈≈≈≈≈≈≈#
~...~~~.~$~P~~~~~≈≈≈≈≈≈≈≈≈≈#
≈~.......~~~~PP≈≈≈≈≈≈≈≈≈≈≈≈#
≈≈~....~~~≈~~~~≈≈≈≈≈≈≈≈≈≈≈≈#
≈~.~...~~~~~~~~≈≈≈≈≈≈≈≈≈≈≈≈#
.....>.....~~~~≈≈≈≈≈≈≈≈≈≈≈≈#
........$..~~~~≈≈≈≈≈≈≈≈≈S≈≈#
.###...####.~~~≈≈≈≈≈≈≈≈≈≈≈≈#
.#* ...# #..~~≈≈≈≈≈≈≈≈≈≈≈≈#


You could see 2 sea snakes.

Vanquished Creatures
  A hydra (Lair:2)
  A two-headed ogre (D:9)
  A merfolk siren (Lair:2)
  A black mamba (Lair:2)
  2 cane toads (Lair:2)
  4 komodo dragons
  2 trolls
  A merfolk (Shoals:2)
  3 blink frogs (Lair:2)
  2 wyverns
  A water elemental (Shoals:2)
  2 wraiths (D:10)
  28 yaks
  A basilisk (Lair:1)
  2 steam dragons
  2 vampire mosquitoes (D:10)
  4 water moccasins
  2 acid dragons (D:9)
  Pargi (Sewer)
  3 orc warriors
  3 ice beasts
  2 sky beasts (D:6)
  2 black bears
  3 wolves (Lair:2)
  6 centaurs
  2 phantoms (D:4)
  2 kobold brigands
  6 bullfrogs
  4 scorpions
  A gnoll sergeant (D:11)
  8 wights (D:8)
  2 howler monkeys
  2 hounds
  4 jellies
  6 orc priests
  2 sleepcaps
  2 gnoll boudas
  4 orc wizards
  2 iguanas
  11 gnolls
  12 adders
  A river rat (D:6)
  A shadow imp (D:5)
  2 white imps
  21 orcs
  10 ball pythons
  9 endoplasms
  6 giant cockroaches
  9 goblins
  7 hobgoblins
  9 jackals
  3 quokkas
  4 bats
  3 frilled lizards
  24 kobolds
  9 rats
268 creatures vanquished.

Vanquished Creatures (others)
  62 foxfires
62 creatures vanquished.

Grand Total: 330 creatures vanquished

Notes
Turn   | Place    | Note
-------+----------+-------------------------------------------
     0 | D:1      | Unglued128 the Draconian Conjurer began the quest for the
                  | Orb.
     0 | D:1      | Reached XP level 1. HP: 14/14 MP: 3/3
   253 | D:1      | Reached XP level 2. HP: 20/20 MP: 1/5
   591 | D:1      | Learned a level 2 spell: Searing Ray
   856 | D:1      | Reached XP level 3. HP: 26/26 MP: 3/6
  1128 | D:2      | Reached skill level 5 in Conjurations
  1532 | D:2      | Reached XP level 4. HP: 33/33 MP: 3/7
  2053 | D:3      | Noticed a +0 short sword
  2054 | D:3      | Noticed a +0 dagger
  2055 | D:3      | Noticed a +0 spear
  2055 | D:3      | Noticed a +0 dagger
  2055 | D:3      | Noticed a +0 short sword
  2056 | D:3      | Found a hide-covered altar of Uskayaw.
  2056 | D:3      | Noticed a +0 falchion
  2056 | D:3      | Noticed a +0 spear
  2056 | D:3      | Noticed a +0 falchion
  2354 | D:3      | Identified the staff of earth "Obraite" {rElec rN+++ rCorr
                  | Str-4}
  2891 | D:4      | Reached skill level 3 in Spellcasting
  2935 | D:4      | Noticed a phantom
  2968 | D:4      | Reached skill level 1 in Short Blades
  2968 | D:4      | Reached XP level 5. HP: 19/39 MP: 1/9
  3076 | D:4      | Noticed a phantom
  3226 | D:4      | Killed a phantom
  3227 | D:4      | Reached skill level 1 in Fighting
  3227 | D:4      | Reached XP level 6. HP: 47/47 MP: 5/10
  3297 | D:4      | Found an opulent altar of Gozag.
  3403 | D:4      | Found a staircase to the Ecumenical Temple.
  3417 | Temple   | Entered the Ecumenical Temple
  3515 | Temple   | Became a worshipper of Ashenzari the Shackled
  3819 | D:4      | Found a blossoming altar of Fedhas.
  4291 | D:4      | Found a shimmering blue altar of Sif Muna.
  4360 | D:4      | Your scales start taking on a rich purple colour.
  4360 | D:4      | Reached skill level 4 in Spellcasting
  4360 | D:4      | Reached XP level 7. HP: 52/52 MP: 5/13
  4557 | D:5      | Entered Level 5 of the Dungeon
  4722 | D:5      | Learned a level 3 spell: Dazzling Flash
  4804 | D:5      | Found Maammad's Gadget Gallery.
  4908 | D:5      | Bought a wand of digging (5) for 231 gold pieces
  5125 | D:4      | Got Sif Muna's Directory of Pyromania
  5127 | D:4      | Got Sif Muna's Codex of Vicissitude
  5200 | D:5      | Identified the +5 ring mail of the Locust {rF+ rC+ Regen+
                  | Int+3}
  5347 | D:5      | Reached skill level 5 in Spellcasting
  5366 | D:5      | You are sucked into a shaft and drop 2 floors!
  5572 | D:6      | Reached XP level 8. HP: 8/60 MP: 1/16
  5626 | D:6      | Found a glowing drain.
  5633 | D:6      | Reached skill level 6 in Spellcasting
  5635 | Sewer    | Entered a sewer
  5638 | Sewer    | Reached * piety under Ashenzari
  5638 | Sewer    | Identified a scroll of acquirement
  5833 | Sewer    | Noticed Pargi
  5844 | Sewer    | Killed Pargi
  5845 | Sewer    | Reached skill level 1 in Staves
  5993 | Sewer    | Acquired 454 gold pieces
  6060 | D:6      | Identified the +10 short sword of Noxious Blind Justice
                  | {antimagic, +Blink rElec Will+ Str+3}
  6482 | D:6      | Identified the amulet of Camol {Faith rElec Str-5 Slay+2}
  6515 | D:6      | Reached skill level 7 in Spellcasting
  7454 | D:5      | Noticed Prince Ribbit
  7805 | D:7      | Identified the +6 falchion of the Beast {venom, Fly rPois
                  | Int-4 Stlth+}
  7932 | D:7      | Found a sparkling altar of Nemelex Xobeh.
  7944 | D:7      | Reached ** piety under Ashenzari
  8278 | D:7      | Reached skill level 8 in Spellcasting
  8278 | D:7      | Reached XP level 9. HP: 39/68 MP: 1/21
  9036 | D:8      | Reached skill level 1 in Throwing
  9367 | D:8      | Reached skill level 9 in Spellcasting
  9456 | D:8      | Found a burning altar of Makhleb.
  9530 | D:8      | Found a staircase to the Lair.
  9531 | D:8      | Noticed a komodo dragon
  9840 | D:8      | Killed a komodo dragon
  9841 | D:8      | Reached skill level 5 in Dodging
 10187 | D:9      | Noticed a troll
 10221 | D:9      | Noticed a two-headed ogre
 10437 | D:9      | Reached XP level 10. HP: 60/77 MP: 3/23
 10679 | D:9      | Reached skill level 10 in Spellcasting
 10681 | D:9      | Reached skill level 1 in Hexes
 11640 | D:9      | Reached skill level 10 in Conjurations
 11744 | D:9      | Killed a two-headed ogre
 11745 | D:9      | Reached skill level 11 in Spellcasting
 11938 | D:10     | Entered Level 10 of the Dungeon
 11939 | D:10     | Found a radiant altar of Vehumet.
 12290 | D:10     | Reached XP level 11. HP: 62/84 MP: 19/26
 13071 | D:10     | Reached *** piety under Ashenzari
 13263 | D:11     | Found a staircase to the Orcish Mines.
 13599 | D:11     | Noticed a two-headed ogre
 13675 | D:11     | Noticed a boulder beetle
 13987 | Lair:1   | Entered Level 1 of the Lair of Beasts
 15134 | Lair:2   | Acquired the ring of Birdsong {rF+ rN++}
 16001 | Lair:2   | Noticed a seven-headed hydra
 16261 | Lair:2   | Reached skill level 5 in Throwing
 16613 | Lair:1   | Reached skill level 12 in Spellcasting
 16803 | Lair:2   | Learned a level 1 spell: Foxfire
 16808 | Lair:2   | Learned a level 4 spell: Flame Wave
 16831 | Lair:2   | Reached skill level 5 in Fighting
 17046 | Lair:2   | HP: 3/91 [seven-headed hydra (9)]
 17054 | Lair:2   | Killed a seven-headed hydra
 17499 | Lair:2   | Found a staircase to the Shoals.
 17666 | Lair:2   | Reached skill level 1 in Fire Magic
 17927 | Shoals:1 | Entered Level 1 of the Shoals
 17927 | Shoals:1 | You are sucked into a shaft and drop 1 floor!
 17961 | Shoals:2 | Noticed a harpy
 17972 | Shoals:2 | Noticed a sea snake
 17980 | Shoals:2 | HP: 3/91 [harpy (7)]
 17983 | Shoals:2 | Noticed a sea snake
 18057 | Shoals:2 | Succumbed to a sea snake's poison

Illustrated notes

Levels and vault maps discovered:
D:1:      elethiomel_arrival_diamonds, layout_basic
D:2:      layout_rooms, dk_noncrumbling_3
D:3:      layout_basic, nicolae_uskayaw_en_pointe
D:4:      layout_basic, fedhas_altar_2, mainiacjoe_overflow_paths,
          nicolae_sif_muna_little_library, temple_fountains,
          minmay_misc_feat_pillars, minmay_misc_feat_hallway,
          kennysheep_small_spiral, nicolae_half_adder
D:5:      kennysheep_big_flooded_room, layout_basic, nicolae_shop_gadgets,
          uniq_prince_ribbit1
D:6:      layout_layer_cave, portal_sewer_entry_b, amethyst_killhole,
          chequers_serial_rivers_micro_d
D:7:      layout_gridville, nemelex_spade_bored_becter
D:8:      layout_basic, lemuel_crystal_altar, david_lair_shrubbed
D:9:      layout_loops_ring, minmay_between
D:10:     layout_rooms, vehumet_statue, minivault_27
D:11:     layout_long_grid, david_orc_3
Temple:   eino_wide_crystal_templ
Lair:1:   layout_cave_pods, grunt_forest_small_clearing_treed
Lair:2:   layout_gridlike, elwin_shoals_entry_rooms
Lair:3:   layout_cave_pods, spider_nest_entry_web_field, grunt_megastairs_5,
          uniq_fannar, uniq_rupert
Shoals:1: layout_shoals, nicolae_shoals_aquamancer_cove, uniq_frances
Shoals:2: layout_shoals

Skill      XL: |  1  2  3  4  5  6  7  8  9 10 11 |
---------------+----------------------------------+-----
Dodging        | 2 3 4 5 6 |  6.9
Conjurations   | 5 6 7 8 10 11 | 11.1
Stealth        | 2 3 4 |  4.3
Spellcasting   | 3 4 5 8 9 11 12 | 12.2
Short Blades   | 1 |  1.7
Fighting       | 1 2 3 4 5 |  5.2
Staves         | 1 2 |  2.4
Throwing       | 2 3 5 |  5.7
Hexes          | 1 2 |  2.4
Fire Magic     | 1 |  1.4
Unarmed Combat | |  0.2
Evocations     | |  0.4

Action                     |  1- 3 |  4- 6 |  7- 9 | 10-12 || total
---------------------------+-------+-------+-------+-------++-------
  Melee: Unarmed           |    13 |       |       |       ||    13
         Dagger            |    32 |    69 |       |       ||   101
         Tailslap          |     4 |     8 |     3 |     2 ||    17
         Staff             |       |    18 |    23 |    10 ||    51
         Punch             |       |       |     1 |       ||     1
  Throw: Dart              |       |       |    15 |    75 ||    90
   Cast: Magic Dart        |    61 |    75 |   169 |    98 ||   403
         Searing Ray       |     4 |    14 |    57 |   103 ||   178
         Dazzling Flash    |       |       |     5 |    17 ||    22
         Foxfire           |       |       |       |    33 ||    33
         Flame Wave        |       |       |       |     5 ||     5
 Invoke: Curse Item        |       |       |     3 |     1 ||     4
  Evoke: Wand              |       |       |     2 |       ||     2
    Use: Scroll            |     4 |     7 |     9 |     7 ||    27
         Potion            |       |       |     1 |     2 ||     3
 Armour: Skin              |     9 |    41 |    50 |    73 ||   173
  Dodge: Dodged            |    23 |    70 |   122 |   197 ||   412
